 Dungeon Crawl Stone Soup version 0.24.0-41-g2ae2f7f1be (webtiles) character file.

Game seed: 4910598694628623859, levelgen mode: deterministic

38693 Brecoman the Fighter (level 13, -5/119 HPs)
             Began as a Grey Draconian Transmuter on Dec 10, 2019.
             Was a Follower of Uskayaw.
             Slain by a sea snake (17 damage)
             ... on level 6 of the Lair of Beasts.
             The game lasted 02:17:49 (24478 turns).

Brecoman the Fighter (Grey Draconian Transmuter)   Turns: 24478, Time: 02:17:50

Health: -5/119     AC: 15    Str: 14    XL:     13   Next: 65%
Magic:  9/22       EV: 12    Int: 24    God:    Uskayaw [*.....]
Gold:   1034       SH:  0    Dex: 11    Spells: 1/24 levels left

rFire    . . .     SeeInvis .     - Unarmed
rCold    . . .     Gourm    +   (shield currently unavailable)
rNeg     . . .     Faith    .   (armour unavailable)
rPois    .         Spirit   .   M - +0 hat {Int+3}
rElec    .         Reflect  .   B - scarf {repulsion}
rCorr    .         Harm     .   (gloves currently unavailable)
MR       .....                  P - +1 pair of boots
Stlth    +.........             T - amulet of the gourmand
HPRegen  1.29/turn              o - +3 ring of intelligence
MPRegen  0.18/turn              y - ring of wizardry

@: blade hands (expiring), regenerating, repel missiles
A: walk through water, unfitting armour, unbreathing, cold-blooded, AC +13
a: End Transformation, Stomp, Renounce Religion


You were on level 6 of the Lair of Beasts.
You worshipped Uskayaw.
Uskayaw was aware of your devotion.
You were full.
You had blades for hands.
You visited 3 branches of the dungeon, and saw 18 of its levels.
You also visited: Sewer and Ossuary.

You collected 1034 gold pieces.

Inventory:

Hand Weapons
 a - the +1 trident of Spontaneous Combustion (melded) {freeze, rC+ MR+ Str+2 Int+2}
   (You found it on level 9 of the Dungeon)

   It has been specially enchanted to freeze those struck by it, causing extra
   injury to most foes and up to half again as much damage against particularly
   susceptible opponents.
   It can also slow down cold-blooded creatures.
   It affects your strength (+2).
   It affects your intelligence (+2).
   It protects you from cold.
   It affects your resistance to hostile enchantments.
 b - a +1 hunting sling
 Y - a +0 fustibalus
Missiles
 e - 447 stones
 k - 192 sling bullets
 n - 66 poisoned darts (quivered)
 q - 208 arrows
 r - 17 boomerangs
 O - 5 javelins
Armour
 B - a scarf of repulsion (worn)
 J - the +4 pair of gloves of Ziamm (melded) {*Corrode Int+5 Slay+3}
   (You found it on level 9 of the Dungeon)

   It affects your intelligence (+5).
   It affects your accuracy and damage with ranged weapons and melee attacks
   (+3).
   It may corrode you when you take damage.
 M - a +0 hat of intelligence (worn)
 P - a +1 pair of boots (worn)
Jewellery
 i - an uncursed ring of magical power
 o - a +3 ring of intelligence (left scythe-like blade)
 y - a ring of wizardry (right scythe-like blade)
 T - an amulet of the gourmand (around neck)
Wands
 x - a wand of polymorph (17)
 D - a wand of digging (4)
 Q - a wand of paralysis (14)
Scrolls
 d - 2 scrolls of enchant weapon
 f - 7 scrolls of magic mapping
 g - 8 scrolls of remove curse
 h - 9 scrolls of teleportation
 l - a scroll of holy word {unknown}
 w - a scroll of fear {unknown}
 A - 3 scrolls of identify
 E - a scroll of enchant armour {unknown}
 H - a scroll of summoning {unknown}
 I - 2 scrolls of noise {unknown}
 R - 3 scrolls of fog
 W - a scroll of brand weapon {unknown}
Potions
 j - 5 potions of might
 m - 5 potions of brilliance
 p - 6 potions of flight
 t - 4 potions of degeneration
 u - 2 potions of magic
 v - 5 potions of curing
 z - 6 potions of lignification
 K - a potion of mutation
 L - a potion of berserk rage
 S - a potion of cancellation
 U - a potion of agility
 X - 2 potions of haste
Miscellaneous
 V - a box of beasts
Comestibles
 c - 27 rations
 s - 9 chunks of flesh


   Skills:
 + Level 12.5 Fighting
 - Level 1.7 Dodging
 + Level 10.8 Unarmed Combat
 - Level 6.0 Spellcasting
 + Level 3.0 Charms
 + Level 3.4 Necromancy
 + Level 11.8 Transmutations
 - Level 5.2 Ice Magic
 + Level 11.0 Invocations


You had one spell level left.
You knew the following spells:

 Your Spells              Type           Power        Failure   Level  Hunger
a - Beastly Appendage     Tmut           ######       2%          1    None
b - Sticks to Snakes      Tmut           ######..     2%          2    None
c - Ice Form              Ice/Tmut       #####...     9%          4    ###....
d - Spider Form           Tmut/Pois      #####.....   9%          3    #......
e - Blade Hands           Tmut           ######....   8%          5    #####..
f - Ensorcelled Hibernat  Hex/Ice        ###...       12%         2    None
g - Confusing Touch       Hex            #.....       17%         1    None
h - Animate Skeleton      Necr           N/A          9%          1    None
i - Regeneration          Chrm/Necr      ###.......   16%         3    #......
j - Infusion              Chrm           ###.         9%          1    None

Your spell library contained the following spells:

 Spells                   Type           Power        Failure   Level  Hunger
 Apportation              Tloc           #.....       17%         1    None
 Corona                   Hex            #......      17%         1    None
 Magic Dart               Conj           #...         17%         1    None
 Sandblast                Erth           #.....       17%         1    None
 Summon Butterflies       Summ           #.......     17%         1    None
 Summon Small Mammal      Summ           #...         17%         1    None
 Passwall                 Tmut/Erth      #####...     6%          2    None
 Song of Slaying          Chrm           ###.....     12%         2    None
 Shroud of Golubria       Chrm/Tloc      ##....       16%         2    None
 Petrify                  Tmut/Erth      #####...     16%         4    ###....
 Blink                    Tloc           N/A          22%         2    None
 Call Imp                 Summ           #.......     22%         2    None
 Slow                     Hex            #.......     22%         2    None
 Spectral Weapon          Hex/Chrm       ##......     24%         3    #......
 Alistair's Intoxication  Tmut/Pois      #####...     30%         5    #####..
 Confuse                  Hex            #.......     34%         3    #......
 Conjure Flame            Conj/Fire      #.......     34%         3    #......
 Dazzling Spray           Conj/Hex       #.....       34%         3    #......
 Lesser Beckoning         Tloc           #.........   34%         3    #......
 Mephitic Cloud           Conj/Pois/Air  #.......     34%         3    #......
 Stone Arrow              Conj/Erth      #.....       34%         3    #......
 Tukima's Dance           Hex            #.......     34%         3    #......
 Lee's Rapid Deconstruct  Erth           #.........   87%         5    #####..
 Invisibility             Hex            #.......     100%        6    ######.


Dungeon Overview and Level Annotations

Branches:
Dungeon (11/15)            Temple (1/1) D:5            Lair (6/6) D:10
 Shoals (0/4) Lair:3        Snake (0/4) Lair:4          Orc (0/2) D:9
  Sewer (visited)         Ossuary (visited)
  Slime: Lair:5-6

Altars:
Ashenzari
Cheibriados
Dithmenos
Elyvilon
Fedhas
Gozag
Hepliaklqana
Kikubaaqudgha
Makhleb
Nemelex Xobeh
Okawaru
Qazlal
Ru
Sif Muna
Trog
Uskayaw
Vehumet
Wu Jian
Xom
Yredelemnul
Zin
The Shining One
Beogh

Annotations:
D:10 2 transporters, lis82's ghost, novice DgSk
Lair:1 exclusion: downstairs
Lair:3 2 transporters, Xiemaice's ghost, journeyman DrFE
Lair:6 exclusion: oklob plant


Innate Abilities, Weirdness & Mutations

You can walk through water.
Your dull iron-grey scales are very hard. (AC +13)
You cannot fit into any form of body armour.
You can survive without breathing.
You are cold-blooded and may be slowed by cold attacks.


Message History

You feel sick.
You feel sick.
You feel sick.
Your transformation is almost over.
You feel sick.
You feel sick. The sea snake closely misses you.
You hit the sea snake but do no damage.
Your tail-slap misses the sea snake.
You feel sick.
The sea snake seems less confused.
The sea snake bites you.
* * * LOW HITPOINT WARNING * * *
You feel sick.
You feel better. The sea snake misses you.
Okay, then.
The sea snake bites you.
* * * LOW HITPOINT WARNING * * *
Casting: Blade Hands (safe; 8% risk of failure)
Confirm with . or Enter, or press ? or * to list all spells.
Your skin crawls.
The sea snake bites you!
* * * LOW HITPOINT WARNING * * *
The sea snake bites you!
You die...

≈ ≈##^#
#############P.#≈#
≈≈≈≈≈≈≈≈≈≈≈≈≈≈≈.#
≈≈P≈≈≈≈≈≈≈≈≈≈≈. #
#≈≈ #≈≈..≈≈.#
?≈≈##≈≈##≈≈##≈≈##≈..
≈P≈≈≈P.≈.@S.≈.≈.≈...
........P.#≈.#.#≈..
.....#.##.####
...#..# ### ###...
#P. ##. #


You could see a sea snake.

Vanquished Creatures
  Gastronok (D:10)
  4 hydras
  Erica (D:9)
  A merfolk avatar (Lair:6)
  A tengu warrior (D:10)
  A two-headed ogre (D:9)
  Urug (D:10)
  An unseen horror (D:10)
  A sea snake (Lair:6)
  A harpy (Lair:6)
  A manticore (Lair:6)
  5 black mambas
  5 elephants
  9 spiny frogs
  3 rime drakes
  A centaur skeleton (D:10)
  6 komodo dragons
  3 trolls
  7 polar bears
  Prince Ribbit (D:5)
  A hornet (Lair:6)
  12 hippogriffs
  11 blink frogs
  3 dream sheep (Lair:6)
  Sigmund (D:2)
  A wyvern (Lair:6)
  2 basilisks
  11 yaks
  A hungry ghost (D:11)
  Menkaure (D:7)
  A naga (Lair:4)
  An acid dragon (D:11)
  9 water moccasins
  4 orc warriors
  9 porcupines
  6 black bears
  4 ice beasts
  3 sky beasts
  A phantom (D:7)
  A necrophage (D:6)
  4 ogres
  3 wolves
  5 centaurs
  9 crocodiles
  8 big kobolds
  4 elf zombies (Ossuary)
  12 bullfrogs
  A gnoll sergeant (D:6)
  3 scorpions
  4 killer bees (D:10)
  5 crimson imps
  5 howler monkeys
  5 centaur zombies
  4 human zombies (Ossuary)
  13 orc wizards
  7 hounds
  A bullfrog skeleton (D:5)
  11 orc priests
  7 jellies
  2 iguanas
  5 worker ants
  2 hound zombies
  A hound skeleton (D:7)
  4 mummies
  A howler monkey zombie (D:10)
  A worker ant zombie (D:5)
  Robin (D:2)
  14 adders
  7 gnolls
  A river rat (D:3)
  2 shadow imps
  6 oozes (Sewer)
  An adder skeleton (D:7)
  8 worms
  3 dart slugs
  9 leopard geckos
  28 orcs
  6 ball pythons
  6 giant cockroaches
  14 goblins
  11 hobgoblins
  10 jackals
  3 quokkas
  7 bats
  8 frilled lizards
  A goblin zombie (D:4)
  11 kobolds
  An orc zombie (D:4)
  A quokka zombie (D:5)
  17 rats
  2 fungi
  4 plants
446 creatures vanquished.

Vanquished Creatures (collateral kills)
  A merfolk siren (Lair:3)
  A spiny frog (Lair:1)
  A dream sheep (Lair:6)
  2 blink frogs
  3 yaks (Lair:1)
  A basilisk (Lair:2)
  2 nagas (Lair:4)
  2 water moccasins
  3 wolves
  2 crocodiles
  3 bullfrogs
  A gnoll sergeant (D:9)
  2 gnolls (D:9)
  An adder skeleton (D:8)
  3 fungi (D:10)
  6 plants
34 creatures vanquished.

Vanquished Creatures (others)
  A crimson imp (D:7)
  A worker ant (D:7)
  A gnoll (D:7)
  An orc (D:7)
  33 fungi
  37 plants
74 creatures vanquished.

Grand Total: 554 creatures vanquished

Notes
Turn   | Place    | Note
-------+----------+-------------------------------------------
     0 | D:1      | Brecoman the Draconian Transmuter began the quest for the
                  | Orb.
     0 | D:1      | Reached XP level 1. HP: 16/16 MP: 3/3
   468 | D:1      | Reached XP level 2. HP: 19/23 MP: 3/5
   582 | D:1      | Learned a level 2 spell: Sticks to Snakes
   996 | D:1      | Reached skill level 2 in Fighting
  1105 | D:1      | Reached XP level 3. HP: 29/29 MP: 4/6
  1828 | D:2      | Noticed Sigmund
  2832 | D:2      | Noticed Robin
  2887 | D:2      | Killed Robin
  2887 | D:2      | Reached XP level 4. HP: 31/37 MP: 8/8
  3270 | D:3      | Learned a level 4 spell: Ice Form
  3709 | D:3      | Reached skill level 3 in Fighting
  3738 | D:3      | Found a glowing drain.
  3742 | Sewer    | Entered a sewer
  3867 | Sewer    | Noticed a big kobold
  3889 | Sewer    | Killed a big kobold
  3889 | Sewer    | Reached skill level 1 in Ice Magic
  3889 | Sewer    | Reached XP level 5. HP: 43/45 MP: 9/9
  4207 | Sewer    | Reached XP level 6. HP: 52/52 MP: 11/11
  4423 | Sewer    | Reached skill level 4 in Fighting
  4490 | Sewer    | Your scales start taking on a dull iron-grey colour.
  4490 | Sewer    | Reached XP level 7. HP: 56/59 MP: 13/13
  4490 | Sewer    | Gained mutation: You can survive without breathing. [Grey
                  | Draconian growth]
  5650 | D:4      | Found a sand-covered staircase.
  5654 | Ossuary  | Entered an ossuary
  5826 | Ossuary  | Reached skill level 5 in Fighting
  5826 | Ossuary  | Reached skill level 5 in Transmutations
  6117 | Ossuary  | Reached XP level 8. HP: 52/68 MP: 15/15
  6525 | Ossuary  | Reached skill level 5 in Spellcasting
  6924 | D:4      | Found a blossoming altar of Fedhas.
  7055 | D:3      | Reached skill level 6 in Fighting
  8216 | D:2      | Killed Sigmund
  8378 | D:5      | Entered Level 5 of the Dungeon
  8401 | D:5      | Found a staircase to the Ecumenical Temple.
  8417 | D:5      | Reached skill level 5 in Ice Magic
  8424 | Temple   | Entered the Ecumenical Temple
  8613 | Temple   | Became a worshipper of Uskayaw the Reveler
  8685 | D:5      | Reached * piety under Uskayaw
  8762 | D:5      | Reached ** piety under Uskayaw
  8881 | D:5      | Found a shimmering blue altar of Sif Muna.
  8882 | D:5      | Found an ancient bone altar of Kikubaaqudgha.
  8967 | D:5      | Reached XP level 9. HP: 78/78 MP: 17/17
  9005 | D:5      | Noticed Prince Ribbit
  9023 | D:5      | Killed Prince Ribbit
  9023 | D:5      | Reached skill level 1 in Invocations
  9219 | D:5      | Learned a level 3 spell: Spider Form
  9225 | D:5      | Learned a level 5 spell: Blade Hands
  9723 | D:5      | Found a glowing silver altar of Zin.
  9729 | D:5      | Found a shadowy altar of Dithmenos.
  9731 | D:5      | Found a sparkling altar of Nemelex Xobeh.
  9732 | D:5      | Found a radiant altar of Vehumet.
  9889 | D:5      | Reached *** piety under Uskayaw
 10023 | D:6      | Reached skill level 7 in Fighting
 10867 | D:6      | Reached **** piety under Uskayaw
 10870 | D:6      | Reached skill level 5 in Unarmed Combat
 11166 | D:6      | Found a bloodstained altar of Trog.
 11301 | D:6      | Learned a level 2 spell: Ensorcelled Hibernation
 11720 | D:7      | Found a shimmering altar of Xom.
 11860 | D:7      | Noticed Menkaure
 11863 | D:7      | Killed Menkaure
 11863 | D:7      | Reached XP level 10. HP: 88/88 MP: 19/19
 12213 | D:8      | Found a blossoming altar of Fedhas.
 12227 | D:8      | Learned a level 1 spell: Confusing Touch
 12229 | D:8      | Learned a level 1 spell: Animate Skeleton
 12284 | D:8      | Reached skill level 8 in Fighting
 12626 | D:8      | Found a basalt altar of Yredelemnul.
 13257 | D:8      | Got a fine quarterstaff
 13258 | D:8      | Identified the +10 quarterstaff of Midwinter {freeze,
                  | Str+5} (You found it on level 8 of the Dungeon)
 13484 | D:9      | Reached skill level 5 in Invocations
 13710 | D:9      | Noticed a two-headed ogre
 13719 | D:9      | Killed a two-headed ogre
 13751 | D:9      | Got a twisted trident
 13759 | D:9      | Identified the +1 trident of Spontaneous Combustion
                  | {freeze, rC+ MR+ Str+2 Int+2} (You found it on level 9 of
                  | the Dungeon)
 13983 | D:9      | Found a staircase to the Orcish Mines.
 14003 | D:9      | Found a roughly hewn altar of Beogh.
 14414 | D:9      | Got a pair of polished gloves
 14425 | D:9      | Identified the +4 pair of gloves of Ziamm {*Corrode Int+5
                  | Slay+3} (You found it on level 9 of the Dungeon)
 14433 | D:9      | Noticed Erica
 14440 | D:9      | Killed Erica
 14440 | D:9      | Reached skill level 9 in Fighting
 14592 | D:10     | Entered Level 10 of the Dungeon
 14705 | D:10     | Found a transporter.
 14705 | D:10     | Noticed lis82's ghost (novice DgSk)
 14706 | D:10     | Noticed a two-headed ogre
 14707 | D:10     | Found a transporter.
 14707 | D:10     | Noticed a two-headed ogre
 14709 | D:10     | Identified the cursed +2 great mace of Immorality {distort,
                  | rC+}
 14709 | D:10     | Noticed a two-headed ogre
 14834 | D:10     | Reached XP level 11. HP: 78/97 MP: 17/20
 14838 | D:10     | Reached ***** piety under Uskayaw
 14850 | D:10     | Killed an unseen horror
 14850 | D:10     | Reached ****** piety under Uskayaw
 15036 | D:10     | Found a staircase to the Lair.
 15139 | D:10     | Noticed Urug
 15152 | D:10     | Killed Urug
 15218 | D:10     | Learned a level 3 spell: Regeneration
 15239 | D:10     | Noticed Gastronok
 15393 | D:10     | Killed Gastronok
 15393 | D:10     | Reached skill level 10 in Fighting
 15490 | D:10     | Found a glowing golden altar of the Shining One.
 15580 | D:10     | Noticed a tengu warrior
 15592 | D:10     | Killed a tengu warrior
 16375 | D:11     | Reached skill level 10 in Transmutations
 16628 | Lair:1   | Entered Level 1 of the Lair of Beasts
 16848 | Lair:1   | Reached XP level 12. HP: 101/108 MP: 21/21
 17135 | Lair:1   | Noticed an eight-headed hydra
 17438 | Lair:1   | Learned a level 1 spell: Infusion
 17590 | Lair:1   | Found an ancient bone altar of Kikubaaqudgha.
 17609 | Lair:1   | Killed an eight-headed hydra
 17977 | Lair:1   | Reached skill level 11 in Fighting
 18609 | Lair:2   | Noticed a five-headed hydra
 18612 | Lair:2   | Noticed a seven-headed hydra
 18736 | Lair:1   | Killed a five-headed hydra
 19203 | Lair:2   | Killed a seven-headed hydra
 19918 | Lair:3   | Noticed a four-headed hydra
 19928 | Lair:3   | Killed a four-headed hydra
 20274 | Lair:3   | Noticed a four-headed hydra
 20285 | Lair:3   | Found a transporter.
 20452 | Lair:3   | Reached skill level 10 in Invocations
 20459 | Lair:3   | Reached skill level 10 in Unarmed Combat
 20543 | Lair:3   | Found a staircase to the Shoals.
 20566 | Lair:3   | Found a transporter.
 20864 | Lair:3   | Noticed Xiemaice's ghost (journeyman DrFE)
 20890 | Lair:3   | Noticed a five-headed hydra
 21013 | Lair:4   | Found a staircase to the Snake Pit.
 21465 | Lair:4   | Found the cursed necklace of Bloodlust {*Rage +Rage MR++
                  | Int-3 Slay+6 *Curse}
 21670 | Lair:4   | Reached XP level 13. HP: 108/117 MP: 22/22
 22077 | Lair:5   | Reached skill level 12 in Fighting
 22149 | Lair:5   | Found a white marble altar of Elyvilon.
 22374 | Lair:5   | Reached skill level 1 in Necromancy
 22587 | Lair:5   | Reached skill level 1 in Charms
 23281 | Lair:6   | Entered Level 6 of the Lair of Beasts
 24478 | Lair:6   | Slain by a sea snake

Levels and vault maps discovered:
D:1:      dpeg_arrival_three_bigger_balls, layout_loops_ring, st_stairs_8
D:2:      layout_basic, uniq_robin, uniq_sigmund
D:3:      layout_basic, lightli_sewer_entry_pipes
D:4:      layout_layer_cave, nicolae_ossuary_entry_giza, first_ration,
          chequers_serial_rivers_large_b, fedhas_altar_3
D:5:      layout_loops_corners, minitemple, grunt_temple_overflow_open,
          minmay_temple_entry_crystal_x, uniq_prince_ribbit1
D:6:      layout_cave_pools, hangedman_decor_opposing, trog_ov_bears_minmay
D:7:      layout_basic, xom_confusion_cloud, uniq_menkaure
D:8:      layout_basic, lemuel_round_altar, basic_altar
D:9:      layout_long_grid, minmay_orc_entry_temple_small, uniq_erica
D:10:     layout_roguey, due_lair_maze_entry_diamond, gammafunk_ghost_smash,
          grunt_tengu_nest, nicolae_tso_swordbearing_angel, uniq_gastronok,
          uniq_urug
D:11:     layout_roguey, due_unseen_surprise
Temple:   regret_index_temple_generic_petals
Lair:1:   layout_regular_city, basic_altar
Lair:2:   layout_roguey, hangedman_lair_generics_rect, grunt_megastairs_4
Lair:3:   layout_regular_city, minmay_shoals_entry_lonely_mermaid,
          gammafunk_ghost_berserking_beasts, cheibrodos_lair_lostbears
Lair:4:   layout_hall_layers, guppyfry_snake_entry_island
Lair:5:   layout_roguey, serial_forest, infiniplex_forest_pool,
          infiniplex_forest_lined_4_way, infiniplex_forest_clump_medium,
          infiniplex_forest_clump_small, infiniplex_forest_clump_curved,
          infiniplex_forest_end_2, infiniplex_forest_lined_2,
          infiniplex_forest_clump_double, infiniplex_forest_join,
          infiniplex_forest_clump_cross, basic_altar,
          infiniplex_staircase_pool_2
Lair:6:   gammafunk_lair_ancient_temple, layout_loops_ring, slime_altar_1,
          minmay_lair_oklob_bushes, minmay_shattered_shrine, lemuel_fruit_tree

Skill      XL: |  1  2  3  4  5  6  7  8  9 10 11 12 13 |
---------------+----------------------------------------+-----
Fighting       | 2 3 4 5 6 7 9 10 11 12 | 12.5
Transmutations | 3 4 5 6 7 8 10 11 | 11.8
Spellcasting   | 3 4 5 6 |  6.0
Ice Magic      | 1 2 3 5 |  5.2
Invocations    | 4 6 8 10 11 | 11.0
Unarmed Combat | 5 7 8 10 | 10.8
Necromancy     | 3 |  3.4
Charms         | 3 |  3.0
Dodging        | |  1.7

Action                   |  1- 3 |  4- 6 |  7- 9 | 10-12 | 13-15 || total
-------------------------+-------+-------+-------+-------+-------++-------
Melee: Unarmed           |   145 |    88 |   491 |   418 |   173 ||  1315
       Tailslap          |    14 |     6 |    35 |    29 |    23 ||   107
       Kick              |    14 |     7 |    22 |       |       ||    43
       Headbutt          |     7 |    10 |    24 |       |       ||    41
       Punch             |     1 |       |       |     8 |     6 ||    15
       Trident           |       |       |       |     2 |    37 ||    39
 Fire: Hunting sling     |       |   132 |   123 |    61 |     6 ||   322
       Fustibalus        |       |       |       |       |    10 ||    10
Throw: Stone             |    31 |       |       |       |       ||    31
       Dart              |     7 |    15 |     3 |     3 |       ||    28
       Boomerang         |       |       |     6 |       |       ||     6
 Cast: Beastly Appendage |    35 |    11 |    22 |     3 |       ||    71
       Sticks to Snakes  |    12 |       |     6 |     2 |       ||    20
       Ice Form          |       |       |    24 |    11 |       ||    35
       Blade Hands       |       |       |    19 |    72 |    23 ||   114
       Animate Skeleton  |       |       |       |    59 |    25 ||    84
       Confusing Touch   |       |       |       |     1 |     1 ||     2
       Regeneration      |       |       |       |    17 |     5 ||    22
       Infusion          |       |       |       |     6 |     2 ||     8
       Ensorcelled Hiber |       |       |       |       |     2 ||     2
Invok: Stomp             |       |       |     3 |     1 |       ||     4
 Abil: End Transformatio |       |       |       |     5 |     1 ||     6
Evoke: Wand              |       |       |       |     4 |       ||     4
  Use: Potion            |     1 |       |       |     3 |     2 ||     6
       Scroll            |       |     3 |     8 |     9 |     3 ||    23
 Stab: Paralysed         |       |       |     4 |    30 |    12 ||    46
       Confused          |       |       |       |     1 |       ||     1
       Distracted        |       |       |       |     1 |       ||     1
  Eat: Chunk             |     7 |     6 |    28 |    40 |    28 ||   109
       Ration            |       |       |     2 |     5 |     1 ||     8
Armor: Skin              |    39 |    35 |   190 |   206 |    70 ||   540
Dodge: Dodged            |    99 |    73 |   234 |   270 |    89 ||   765
       Deflected         |       |       |       |       |     1 ||     1
